 Dungeon Crawl Stone Soup version 0.22-a0-422-g9628fc8 (webtiles) character file.

519 Jynxie the Skirmisher (level 7, 0/60 HPs)
             Began as a Gnoll Abyssal Knight on May 22, 2018.
             Was a Priest of Lugonu.
             Killed by nerve-wracking pain
             ... invoked by Menkaure
              (14 damage)
             ... on level 4 of the Dungeon.
             The game lasted 00:19:00 (4698 turns).

Jynxie the Skirmisher (Gnoll Abyssal Knight)        Turns: 4698, Time: 00:19:00

Health: 0/60       AC:  9    Str: 13 (16) XL:     7   Next: 21%
Magic:  19/19      EV: 12    Int: 13 (14) God:    Lugonu [***...]
Gold:   108        SH:  0    Dex: 14 (15) Spells: 10/10 levels left

rFire    . . .     SeeInvis .   a - +1 hand axe
rCold    . . .     Gourm    .   (no shield)
rNeg     . . .     Faith    .   q - +0 ring mail
rPois    .         Spirit   .   j - +2 helmet
rElec    .         Reflect  .   (no cloak)
rCorr    .         Harm     .   (no gloves)
MR       .....                  (no boots)
Stlth    +.........             (no amulet)
HPRegen  0.20/turn              i - ring of magical power
MPRegen  0.16/turn              (no ring)

@: no status effects
A: distributed training, fangs 1, strong nose
a: Depart the Abyss, Bend Space, Banish, Renounce Religion


You were on level 4 of the Dungeon.
You worshipped Lugonu.
Lugonu was most pleased with you.
You were not hungry.

You visited 1 branch of the dungeon, and saw 4 of its levels.
You visited the Abyss 1 time.
You also visited: Sewer.

You collected 108 gold pieces.

Inventory:

Hand Weapons
 a - a +1 hand axe (weapon)
Missiles
 f - 89 stones (quivered)
Armour
 b - a +1 leather armour
 j - a +2 helmet (worn)
 n - a +0 scale mail
 q - a +0 ring mail (worn)
Jewellery
 i - a ring of magical power (left hand)
Scrolls
 d - a scroll of blinking
 e - 4 scrolls of remove curse
 g - 3 scrolls of magic mapping
 h - 5 scrolls of identify
 k - a scroll of fear
Potions
 l - a potion of magic
 m - a potion of flight
Comestibles
 c - 8 rations


   Skills:
 + Level 7.0 Fighting
 + Level 2.3 Short Blades
 + Level 2.3 Long Blades
 + Level 5.1 Axes
 + Level 2.3 Maces & Flails
 + Level 2.3 Polearms
 + Level 2.3 Staves
 + Level 2.3 Slings
 + Level 2.3 Bows
 + Level 2.3 Crossbows
 + Level 2.3 Throwing
 + Level 5.1 Armour
 + Level 3.5 Dodging
 + Level 2.3 Stealth
 + Level 2.3 Shields
 + Level 2.3 Unarmed Combat
 + Level 2.3 Spellcasting
 + Level 1.8 Conjurations
 + Level 1.8 Hexes
 + Level 1.8 Charms
 + Level 1.8 Summonings
 + Level 1.8 Necromancy
 + Level 1.8 Translocations
 + Level 1.8 Transmutations
 + Level 1.8 Fire Magic
 + Level 1.8 Ice Magic
 + Level 1.8 Air Magic
 + Level 1.8 Earth Magic
 + Level 1.8 Poison Magic
 + Level 5.3 Invocations
 + Level 2.3 Evocations


You had 10 spell levels left.
You didn't know any spells.
Your spell library was empty.

Dungeon Overview and Level Annotations

Branches:
Dungeon (4/15)
 Temple: D:4-7

Altars:
Ashenzari
Nemelex Xobeh

Annotations:
D:4 Menkaure


Innate Abilities, Weirdness & Mutations

Your experience applies equally to all skills.
You have very sharp teeth.
Your uncanny sense of smell can sniff out nearby items.


Message History

You are too injured to fight recklessly!
Menkaure casts a spell.
Menkaure seems to speed up.
Menkaure breathes soot at you.
It was a potion of cancellation.
You feel magically purged.
Menkaure hums drily.
Menkaure points at you and mumbles some strange words.
You struggle to resist.
As you read the scroll of fear, it crumbles to dust.
You assume a fearsome visage.
Menkaure is unaffected.
Menkaure barely misses you.
As you read the scroll of fear, it crumbles to dust.
You assume a fearsome visage.
Menkaure is unaffected.
Menkaure misses you.
You feel better. Menkaure hits you!
* * * LOW HITPOINT WARNING * * *
As you read the scroll of fear, it crumbles to dust.
You assume a fearsome visage.
Menkaure is unaffected.
Menkaure points at you and mumbles some strange words.
Pain shoots through your body!
You die...

############ #.#.#
...........# #.#.#
##########.######.#.##
###..................#
.........#.######.####
###.####.#.# #.#
.........#.# #.#
###.######.######M#
#.# ###.##..@.# #.###
#.........#
#...##..#.......#
#####.......#...#
#....#..#....#
#.......#.....#
#.#.#.#.......#
.......#.....##
....#..#....#


You could see Menkaure.

Vanquished Creatures
  2 big kobolds (Sewer)
  An orc wizard (D:3)
  An orc priest (D:3)
  Terence (D:3)
  A worker ant (D:4)
  Robin (D:3)
  4 gnolls (D:4)
  7 adders
  2 river rats (Sewer)
  2 oozes
  5 worms
  4 dart slugs
  A leopard gecko (D:1)
  11 orcs
  9 ball pythons
  8 bats
  3 giant cockroaches
  19 goblins
  9 hobgoblins
  A quokka (D:3)
  2 frilled lizards
  9 kobolds
  10 rats
113 creatures vanquished.

Notes
Turn   | Place    | Note
-------+----------+-------------------------------------------
     0 | Abyss:1  | Jynxie the Gnoll Abyssal Knight began the quest for the Orb.
     0 | Abyss:1  | Reached XP level 1. HP: 23/23 MP: 3/3
     0 | D:1      | Escaped the Abyss
    81 | D:1      | Reached XP level 2. HP: 29/29 MP: 5/5
   123 | D:1      | Reached * piety under Lugonu
   394 | D:1      | Reached XP level 3. HP: 29/35 MP: 6/6
   422 | D:1      | Found a sparkling altar of Nemelex Xobeh.
  1447 | D:2      | Reached skill level 1 in Short Blades
  1447 | D:2      | Reached skill level 1 in Long Blades
  1447 | D:2      | Reached skill level 1 in Maces & Flails
  1447 | D:2      | Reached skill level 1 in Polearms
  1447 | D:2      | Reached skill level 1 in Staves
  1447 | D:2      | Reached skill level 1 in Slings
  1447 | D:2      | Reached skill level 1 in Bows
  1447 | D:2      | Reached skill level 1 in Crossbows
  1447 | D:2      | Reached skill level 1 in Throwing
  1447 | D:2      | Reached skill level 1 in Stealth
  1447 | D:2      | Reached skill level 1 in Shields
  1447 | D:2      | Reached skill level 1 in Unarmed Combat
  1447 | D:2      | Reached skill level 1 in Spellcasting
  1447 | D:2      | Reached skill level 1 in Evocations
  1656 | D:3      | Reached XP level 4. HP: 40/41 MP: 7/7
  1708 | D:3      | Found a glowing drain.
  1724 | Sewer    | Entered a sewer
  1854 | Sewer    | Noticed a big kobold
  1855 | Sewer    | Noticed a big kobold
  1888 | Sewer    | Killed a big kobold
  1888 | Sewer    | Reached skill level 1 in Conjurations
  1888 | Sewer    | Reached skill level 1 in Hexes
  1888 | Sewer    | Reached skill level 1 in Charms
  1888 | Sewer    | Reached skill level 1 in Summonings
  1888 | Sewer    | Reached skill level 1 in Necromancy
  1888 | Sewer    | Reached skill level 1 in Translocations
  1888 | Sewer    | Reached skill level 1 in Transmutations
  1888 | Sewer    | Reached skill level 1 in Fire Magic
  1888 | Sewer    | Reached skill level 1 in Ice Magic
  1888 | Sewer    | Reached skill level 1 in Air Magic
  1888 | Sewer    | Reached skill level 1 in Earth Magic
  1888 | Sewer    | Reached skill level 1 in Poison Magic
  1888 | Sewer    | Reached XP level 5. HP: 9/47 MP: 8/8
  1891 | Sewer    | Reached ** piety under Lugonu
  1924 | Sewer    | HP: 2/47 [big kobold/short sword (5)]
  1926 | Sewer    | Killed a big kobold
  1926 | Sewer    | Reached skill level 5 in Invocations
  1926 | Sewer    | Reached XP level 6. HP: 2/53 MP: 9/9
  2736 | D:3      | Noticed Robin
  2747 | D:3      | Killed Robin
  2754 | D:3      | Reached skill level 5 in Axes
  2754 | D:3      | Reached skill level 5 in Armour
  3182 | D:3      | Reached *** piety under Lugonu
  3186 | D:3      | Found a shattered altar of Ashenzari.
  3612 | D:3      | Noticed Terence
  3617 | D:3      | Killed Terence
  3883 | D:3      | Reached XP level 7. HP: 52/59 MP: 10/10
  4345 | D:4      | Reached skill level 7 in Fighting
  4681 | D:4      | Noticed Menkaure
  4698 | D:4      | Killed from afar by Menkaure

Vault maps used:
D:1:      nagdon_arrival_zigzag_paths, corexii_hall_statues_x,
          nemelex_diamond_rough_becter
D:2:      kennysheep_generic_room_7
D:3:      first_ration, portal_sewer_entry_d, ashenzari_altar_1, uniq_robin,
          uniq_terence
D:4:      hangedman_decor_opposing, st_stairs_6,
          corexii_item_surrounded_by_moat, uniq_menkaure
Sewer:    sewer_co_15_rooms

Skill      XL: |  1  2  3  4  5  6  7 |
---------------+----------------------+-----
Short Blades   | 1 2 |  2.3
Long Blades    | 1 2 |  2.3
Maces & Flails | 1 2 |  2.3
Polearms       | 1 2 |  2.3
Staves         | 1 2 |  2.3
Slings         | 1 2 |  2.3
Bows           | 1 2 |  2.3
Crossbows      | 1 2 |  2.3
Throwing       | 1 2 |  2.3
Stealth        | 1 2 |  2.3
Shields        | 1 2 |  2.3
Unarmed Combat | 1 2 |  2.3
Spellcasting   | 1 2 |  2.3
Evocations     | 1 2 |  2.3
Conjurations   | 1 |  1.8
Hexes          | 1 |  1.8
Charms         | 1 |  1.8
Summonings     | 1 |  1.8
Necromancy     | 1 |  1.8
Translocations | 1 |  1.8
Transmutations | 1 |  1.8
Fire Magic     | 1 |  1.8
Ice Magic      | 1 |  1.8
Air Magic      | 1 |  1.8
Earth Magic    | 1 |  1.8
Poison Magic   | 1 |  1.8
Dodging        | 3 |  3.5
Invocations    | 5 |  5.3
Axes           | 5 |  5.1
Armour         | 5 |  5.1
Fighting       | 7 |  7.0

Action                   |  1- 3 |  4- 6 |  7- 9 || total
-------------------------+-------+-------+-------++-------
Melee: Hand axe          |    97 |   181 |    44 ||   322
       Bite              |    13 |    18 |     3 ||    34
       Punch             |     1 |     1 |       ||     2
Throw: Stone             |       |     4 |       ||     4
Invok: Depart the Abyss  |     1 |       |       ||     1
  Use: Scroll            |     5 |     5 |     3 ||    13
       Potion            |     4 |     6 |     4 ||    14
 Stab: Sleeping          |     2 |     4 |     1 ||     7
       Fleeing           |       |     1 |       ||     1
  Eat: Chunk             |     2 |     6 |     1 ||     9
       Ration            |       |     1 |       ||     1
Armor: Leather armour    |    25 |    37 |       ||    62
       Scale mail        |       |     1 |     1 ||     2
       Ring mail         |       |       |    20 ||    20
Dodge: Dodged            |    43 |   116 |    26 ||   185

Table legend:
 A = Spawn XP
 B = Non-spawn XP
 C = Spawn XP percentage of total XP
 D = Spawn monster count
 E = Non-spawn monster count
 F = Spawn count percentage of total count
 G = Total turns spent on level
                    A         B        C        D         E        F      G
               +---------+---------+-------+---------+---------+-------+---------
         Total |       0 |     742 |   0.0 |       0 |     113 |   0.0 |  4698
               +---------+---------+-------+---------+---------+-------+---------
           D:1 |       0 |      44 |   0.0 |       0 |      18 |   0.0 |   660
           D:2 |       0 |      33 |   0.0 |       0 |      16 |   0.0 |   931
           D:3 |       0 |     270 |   0.0 |       0 |      41 |   0.0 |  1565
           D:4 |       0 |     118 |   0.0 |       0 |      15 |   0.0 |   622
         Sewer |       0 |     277 |   0.0 |       0 |      23 |   0.0 |   920
               +---------+---------+-------+---------+---------+-------+---------
